 Dungeon Crawl Stone Soup version 0.23.0 (webtiles) character file.

Game seed: 7198875381160543631

167343 chequers the Fencer (level 17, 0/142 HPs)
             Began as a Demonspawn Gladiator on Feb 9, 2019.
             Was the Champion of Wu Jian.
             Slain by a wolf spider (28 damage)
             ... on level 4 of the Spider Nest on Feb 10, 2019.
             The game lasted 01:14:03 (39610 turns).

chequers the Fencer (Demonspawn Gladiator)         Turns: 39610, Time: 01:14:04

Health: 0/142      AC: 43    Str: 20      XL:     17   Next: 6%
Magic:  17/17      EV:  8    Int: 12      God:    Wu Jian [******]
Gold:   439        SH:  0    Dex: 19 (21) Spells: 16/16 levels left

rFire    . . .     SeeInvis .   a - +2 triple sword "Voomea" {slice, rElec rPois Dex+3}
rCold    + . .     Gourm    .   (shield currently unavailable)
rNeg     + . .     Faith    .   M - +6 plate armour "Enemeuhio" {+Fly MR+}
rPois    +         Spirit   .   c - +0 helmet
rElec    +         Reflect  .   R - +0 cloak of Lies {rF- MR++ Regen+ Dex+4}
rCorr    .         Harm     .   (gloves unavailable)
MR       ++++.                  X - +0 pair of boots "Hamuras" {rF+} (curse)
Stlth    ..........             Y - amulet of regeneration
HPRegen  1.13/turn              v - +6 ring of protection
MPRegen  0.15/turn              Z - +4 ring of protection

@: about to teleport
A: claws 3, iridescent scales 3, cold resistance 1, demonic guardian 1, negative
energy resistance 1, 50% torment resistance, freezing cloud immunity
}: 1/15 runes: gossamer
a: Wall Jump, Serpent's Lash, Heavenly Storm, Renounce Religion, Evoke Flight


You were on level 4 of the Spider Nest.
You worshipped Wu Jian.
Wu Jian was exalted by your worship.
You were not hungry.

You visited 4 branches of the dungeon, and saw 27 of its levels.
You also visited: Sewer and Volcano.

You collected 2615 gold pieces.
You spent 2176 gold pieces at shops.

Inventory:

Hand Weapons
 a - the +2 triple sword "Voomea" (weapon) {slice, rElec rPois Dex+3}
   (You acquired it on level 15 of the Dungeon)

   It inflicts extra damage upon your enemies.
   It affects your dexterity (+3).
   It insulates you from electricity.
   It protects you from poison.
 b - a +1 great sword of flaming
 T - the +9 staff of Olgreb {rPois}
   (You found it on level 8 of the Dungeon)

   It protects you from poison.
Missiles
 d - 3 throwing nets (quivered)
Armour
 c - a +0 helmet (worn)
 M - the +6 plate armour "Enemeuhio" (worn) {+Fly MR+}
   (You bought it in a shop on level 2 of the Orcish Mines)

   It affects your resistance to hostile enchantments.
   It lets you fly.
 Q - a +2 plate armour of fire resistance
 R - the +0 cloak of Lies (worn) {rF- MR++ Regen+ Dex+4}
   (You found it on level 6 of the Lair of Beasts)

   It affects your dexterity (+4).
   It makes you vulnerable to fire.
   It affects your resistance to hostile enchantments.
   It increases your rate of regeneration.
 X - the cursed +0 pair of boots "Hamuras" (worn) {rF+}
   (You found it on level 13 of the Dungeon)

   It protects you from fire.
   It has a curse placed upon it.
Jewellery
 l - an uncursed amulet of rage
 v - a +6 ring of protection (left claw)
 x - an uncursed ring of protection from fire
 Y - an amulet of regeneration (around neck)
 Z - a +4 ring of protection (right claw)
Wands
 i - a wand of paralysis (17)
 s - a wand of flame (56)
 t - a wand of acid (23)
 B - a wand of random effects (23)
 F - a wand of digging (6)
 J - a wand of iceblast (19)
 K - a wand of polymorph (9)
 L - a wand of disintegration (12)
Scrolls
 g - 3 scrolls of immolation
 h - 2 scrolls of fear
 j - 5 scrolls of fog
 k - 7 scrolls of enchant armour
 p - 3 scrolls of amnesia
 w - 9 scrolls of remove curse
 y - a scroll of holy word
 G - 5 scrolls of teleportation
 H - 3 scrolls of magic mapping
 N - 7 scrolls of identify
 S - 2 scrolls of silence
 U - a scroll of blinking
Potions
 e - 7 potions of flight
 m - 2 potions of invisibility
 n - 4 potions of mutation
 q - 5 potions of curing
 r - 2 potions of heal wounds
 u - 4 potions of brilliance
 A - 5 potions of magic
 C - 4 potions of lignification
 D - 4 potions of ambrosia
 E - 2 potions of cancellation
 O - 3 potions of resistance
 P - 4 potions of agility
 V - a potion of haste
Miscellaneous
 z - a box of beasts
 I - a phial of floods
 W - a fan of gales
Comestibles
 f - 34 rations
 o - 3 chunks of flesh


   Skills:
 + Level 15.5 Fighting
 + Level 19.0 Long Blades
 - Level 1.7 Throwing
 + Level 14.3 Armour
 - Level 2.6 Dodging


You had 16 spell levels left.
You didn't know any spells.
Your spell library contained the following spells:

 Spells                   Type           Power        Failure   Level  Hunger
 Beastly Appendage        Tmut           #.....       98%         1    ##.....
 Confusing Touch          Hex            #.....       98%         1    ##.....
 Corona                   Hex            #......      98%         1    ##.....
 Infusion                 Chrm           #...         98%         1    ##.....
 Ensorcelled Hibernation  Hex/Ice        #.....       99%         2    ###....
 Shroud of Golubria       Chrm/Tloc      #.........   99%         2    ###....
 Song of Slaying          Chrm           #.......     99%         2    ###....
 Sticks to Snakes         Tmut           #.......     99%         2    ###....
 Confuse                  Hex            #.......     100%        3    ####...
 Dazzling Spray           Conj/Hex       #.....       100%        3    ####...
 Gell's Gravitas          Tloc           #.........   100%        3    ####...
 Ignite Poison            Fire/Tmut/Pois #.......     100%        3    ####...
 Regeneration             Chrm/Necr      #.........   100%        3    ####...
 Spectral Weapon          Hex/Chrm       #.......     100%        3    ####...
 Spider Form              Tmut/Pois      #.........   100%        3    ####...
 Tukima's Dance           Hex            #.......     100%        3    ####...
 Ice Form                 Ice/Tmut       #.......     100%        4    #####..
 Petrify                  Tmut/Erth      #.......     100%        4    #####..
 Blade Hands              Tmut           #.........   100%        5    ######.
 Fireball                 Conj/Fire      #.........   100%        5    ######.
 Irradiate                Conj/Tmut      #.........   100%        5    ######.
 Metabolic Englaciation   Hex/Ice        #.........   100%        5    ######.
 Yara's Violent Unravell  Hex/Tmut       #.........   100%        5    ######.
 Bolt of Fire             Conj/Fire      #.........   100%        6    #######
 Hydra Form               Tmut           #.........   100%        6    #######
 Statue Form              Tmut/Erth      #........    100%        6    #######
 Dragon Form              Tmut           #.........   100%        7    #######
 Ring of Flames           Chrm/Fire      #.........   100%        7    #######
 Ignition                 Fire           #.........   100%        8    #######


Dungeon Overview and Level Annotations

Branches:
Dungeon (15/15)            Temple (0/1) D:7            Lair (6/6) D:10
  Swamp (0/4) Lair:4       Spider (4/4) Lair:4        Slime (0/5) Lair:5
    Orc (2/2) D:9             Elf (0/3) Orc:2        Vaults (0/5) D:13
 Depths (0/5) D:15

Altars:
Ashenzari
Elyvilon
Sif Muna
Trog
Vehumet
Wu Jian
Xom
Yredelemnul
Zin
Beogh

Shops:
D:6 *   D:7 :   D:13 !*=!   D:15 *   Orc:2 *=?[(

Annotations:
D:8 1 runed translucent door
Lair:1 3 runed translucent doors, Sammaje's ghost, novice MiBe
Lair:5 exclusion: oklob plant


Innate Abilities, Weirdness & Mutations

You have claws for hands.
You are completely covered in iridescent scales. (AC +6)
Your flesh is cold resistant. (rC+)
A weak demonic guardian rushes to your aid.
You resist negative energy. (rN+)
You are somewhat able to resist unholy torments (1 in 2 success).
You are immune to freezing clouds.


Message History

* * * LOW HITPOINT WARNING * * *
The wolf spider hits you!
* * * LOW HITPOINT WARNING * * *
The wolf spider bites you but does no damage.
As you read the scroll of teleportation, it crumbles to dust.
You feel strangely unstable. The wolf spider hits you!
* * * LOW HITPOINT WARNING * * *
The wolf spider bites you but does no damage.
The emperor scorpion evades a web.
The wolf spider hits you!
* * * LOW HITPOINT WARNING * * *
The wolf spider closely misses you.
You see a puff of smoke.
The wolf spider rages.
The wolf spider hits you but does no damage.
The wolf spider bites you but does no damage.
The emperor scorpion stings your ufetubus!
Your ufetubus dies!
The wolf spider hits you!!
You die...

.........# #^.#≈^≈...^.s.^#..#
^.^......# #.#^#≈..≈.^≈..###s#
....^....# #..###≈##.##≈## .s#
.......^.## ##..####s.≈### ..##
..<.......# #^.##...^...##.s
....^.....## #.####^..^^####y
^.........^###########s.≈#######
.^..........#≈^#^#≈#^y..^.≈#^#.##
..^.........[.#.@ss.^#...#.≈.≈≈.#
................^.s..#^..#^.....#
............#^^#^#.#≈.≈..≈^#^#.##
...........###########^..#######
....^.^.^^## #^## #≈.†.≈# ##^#
..........# #^.# #.....# #..#
.........## ##..####^.≈####..##
.......^.# #^.###.##.##≈###..#
.........# #^#^#^..^.=≈..###.#


You could see an emperor scorpion (berserk), a demonic crawler, a wolf spider
(berserk) and a moth of wrath.

Vanquished Creatures
  Arachne (Spider:1)
  Agnes (Spider:1)
  2 ghost moths
  An orc warlord (Orc:2)
  6 emperor scorpions
  3 entropy weavers
  Nessos (Lair:4)
  A spark wasp (Spider:2)
  2 vault guards (D:13)
  A yaktaur captain (D:15)
  The ghost of Isay the Fighter, a journeyman MiAK of Lugonu (D:11)
  An ice dragon (D:12)
  4 hydras
  4 catoblepae
  A two-headed ogre (D:12)
  3 centaur warriors
  2 death knights
  21 death yaks
  5 orc high priests (Orc:2)
  9 skeletal warriors
  A fire crab (Volcano)
  3 wizards (D:13)
  A lindwurm (Volcano)
  A phantasmal warrior (D:11)
  A necromancer (D:13)
  30 wolf spiders
  4 orc knights
  2 deep elf magi
  9 orb spiders
  4 orc sorcerers
  A cyclops (D:14)
  2 moths of wrath
  5 manticores
  7 ugly things
  2 black mambas
  Joseph (Lair:1)
  Psyche (D:12)
  11 elephants
  A gargoyle (D:14)
  11 spiny frogs
  4 rime drakes
  2 kobold demonologists
  12 demonic crawlers
  2 freezing wraiths (D:11)
  6 komodo dragons
  A yaktaur (D:15)
  3 meliai (D:14)
  A queen bee (D:8)
  17 jumping spiders
  4 polar bears
  3 trolls
  8 hornets
  7 hippogriffs
  7 blink frogs
  Sigmund (D:5)
  A centaur simulacrum (D:14)
  3 spriggans (D:11)
  A vampire (D:14)
  63 yaks
  39 redbacks
  24 tarantellas
  5 wyverns
  20 humans
  A fire elemental (D:11)
  2 hungry ghosts
  11 fire bats (Volcano)
  3 wraiths
  4 steam dragons
  9 vampire mosquitoes
  10 wargs
  An acid dragon (D:12)
  19 water moccasins
  2 soldier ants (D:8)
  Duvessa (D:5)
  3 porcupines
  A meliai simulacrum (D:12)
  33 orc warriors
  3 ice beasts
  2 eyes of draining (D:14)
  A black bear (D:7)
  A phantom (D:12)
  2 sky beasts
  6 ogres
  9 centaurs
  A crocodile (shapeshifter) (D:15)
  6 wolves
  9 crocodiles
  4 big kobolds
  11 bullfrogs
  A gnoll sergeant (D:8)
  4 scorpions
  Dowan (D:5)
  A wyvern skeleton (D:10)
  A water moccasin skeleton (D:11)
  28 killer bees
  8 wights
  8 electric eels
  7 lava snakes
  3 crimson imps
  3 centaur zombies
  13 orc priests
  14 hounds
  3 jellies
  2 bullfrog skeletons
  6 centaur skeletons
  A gnoll shaman (D:6)
  Ijyb (D:4)
  3 iguanas
  13 orc wizards
  A hell rat (Lair:2)
  15 worker ants
  2 bullfrog simulacra (D:12)
  3 hound skeletons
  5 gnolls
  11 adders
  7 river rats
  3 shadow imps
  2 white imps (D:12)
  An ufetubus (D:12)
  An ooze (D:1)
  2 adder skeletons
  5 worms
  2 dart slugs (D:1)
  6 leopard geckos
  61 orcs
  11 giant cockroaches
  3 goblins
  3 hobgoblins
  9 jackals
  6 quokkas
  5 ball pythons
  11 bats
  6 frilled lizards
  A goblin skeleton (D:9)
  21 kobolds
  A leopard gecko skeleton (D:7)
  17 rats
899 creatures vanquished.

Vanquished Creatures (collateral kills)
  A hydra (Lair:6)
  A two-headed ogre (D:11)
  An orc knight (Orc:1)
  An ugly thing (D:14)
  An orb spider (Spider:2)
  3 elephants
  A black mamba (Lair:5)
  A spiny frog (Lair:5)
  A komodo dragon (Lair:5)
  A troll (Orc:2)
  A hippogriff (Lair:1)
  A blink frog (Lair:1)
  A redback (Spider:3)
  A wyvern (D:8)
  2 yaks
  3 vampire mosquitoes
  A sky beast (D:7)
  2 orc warriors (Orc:2)
  2 phantoms
  A wolf (D:10)
  An ogre (D:7)
  A centaur (D:7)
  3 killer bees
  A lava snake (Volcano)
  A hound (D:7)
  A worker ant (D:5)
  A killer bee zombie (D:10)
  A gnoll (D:8)
  3 adders
  9 orcs
  A quokka (D:4)
  A frilled lizard (D:4)
  A kobold (D:11)
  A leopard gecko skeleton (D:6)
  A fungus (Orc:2)
54 creatures vanquished.

Vanquished Creatures (others)
  An emperor scorpion (Spider:3)
  A gnoll (D:8)
  20 fungi
  18 plants
40 creatures vanquished.

Grand Total: 993 creatures vanquished

Notes
Turn   | Place    | Note
-------+----------+-------------------------------------------
     0 | D:1      | chequers the Demonspawn Gladiator began the quest for the
                  | Orb.
     0 | D:1      | Reached XP level 1. HP: 16/16 MP: 1/1
    87 | D:1      | Reached skill level 3 in Long Blades
   313 | D:1      | Gained mutation: A weak demonic guardian rushes to your
                  | aid. [demonic ancestry]
   313 | D:1      | Reached XP level 2. HP: 22/22 MP: 2/2
   986 | D:2      | Gained mutation: You are partially covered in iridescent
                  | scales. (AC +2) [demonic ancestry]
   986 | D:2      | Reached XP level 3. HP: 27/27 MP: 3/3
  1039 | D:2      | Reached skill level 4 in Long Blades
  2027 | D:3      | Gained mutation: Your flesh is cold resistant. (rC+)
                  | [demonic ancestry]
  2027 | D:3      | Reached XP level 4. HP: 33/33 MP: 4/4
  2422 | D:3      | Found a radiant altar of Vehumet.
  2479 | D:3      | Found a bloodstained altar of Trog.
  3023 | D:4      | Found a transporter.
  3103 | D:4      | Reached skill level 5 in Long Blades
  3148 | D:4      | Found a transporter.
  3179 | D:4      | Found a shimmering altar of Xom.
  3205 | D:4      | Noticed a phantom
  3241 | D:4      | Killed a phantom
  3241 | D:4      | Gained mutation: You are mostly covered in iridescent
                  | scales. (AC +4) [demonic ancestry]
  3241 | D:4      | Reached XP level 5. HP: 16/38 MP: 5/5
  3588 | D:4      | Reached skill level 6 in Long Blades
  3977 | D:4      | Reached XP level 6. HP: 44/44 MP: 6/6
  3983 | D:4      | Noticed a yak
  3991 | D:4      | Noticed a yak
  3993 | D:4      | Noticed a yak
  3998 | D:4      | Noticed a yak
  4000 | D:4      | Noticed a yak
  4001 | D:4      | Noticed a yak
  4403 | D:4      | Killed a yak
  4408 | D:4      | Killed a yak
  4408 | D:4      | Reached skill level 7 in Long Blades
  4408 | D:4      | Gained mutation: You are immune to freezing clouds.
                  | [demonic ancestry]
  4408 | D:4      | Reached XP level 7. HP: 17/50 MP: 7/7
  4769 | D:4      | Got a jewelled ring mail
  4803 | D:4      | Reached skill level 8 in Long Blades
  4816 | D:4      | Identified the +3 ring mail of Foimmeo {-Cast +Inv Str+3}
                  | (You found it on level 4 of the Dungeon)
  5538 | D:5      | Entered Level 5 of the Dungeon
  5538 | D:5      | Noticed Ijyb
  5541 | D:5      | Paralysed by Ijyb for 5 turns
  5798 | D:5      | Noticed Duvessa
  5798 | D:5      | Noticed Dowan
  5816 | D:5      | Killed Dowan
  5841 | D:5      | Killed Duvessa
  5841 | D:5      | Reached skill level 9 in Long Blades
  5841 | D:5      | Gained mutation: You have sharp fingernails. [demonic
                  | ancestry]
  5841 | D:5      | Reached XP level 8. HP: 34/56 MP: 8/8
  6035 | D:5      | Noticed Sigmund
  6173 | D:4      | Paralysed by Ijyb for 7 turns
  6182 | D:4      | Killed Ijyb
  6228 | D:5      | Killed Sigmund
  7035 | D:6      | Found Futono's Assorted Antiques.
  7218 | D:6      | Found a shattered altar of Ashenzari.
  7230 | D:6      | Reached skill level 10 in Long Blades
  7305 | D:6      | Found a deep blue altar of Sif Muna.
  7388 | D:6      | Found an ornate altar of the Wu Jian Council.
  7388 | D:6      | Found a white marble altar of Elyvilon.
  7541 | D:6      | Found a glowing drain.
  7565 | Sewer    | Entered a sewer
  7706 | Sewer    | Found a white marble altar of Elyvilon.
  8001 | D:6      | Became a worshipper of the Wu Jian Council
  8087 | D:6      | Bought a tubular glass ring for 135 gold pieces
  8087 | D:6      | Bought a scroll labeled HUAKLY HEANUNK for 27 gold pieces
  8087 | D:6      | Bought 2 scrolls of identify for 108 gold pieces
  8087 | D:6      | Bought a scroll of identify for 54 gold pieces
  8087 | D:6      | Bought a red potion for 24 gold pieces
  8087 | D:6      | Bought a metallic emerald potion for 24 gold pieces
  8332 | D:7      | Found Siriemiq's Book Boutique.
  8407 | D:6      | Reached skill level 11 in Long Blades
  8407 | D:6      | Gained mutation: You have very sharp fingernails. [demonic
                  | ancestry]
  8407 | D:6      | Reached XP level 9. HP: 35/61 MP: 9/9
  9008 | D:7      | Found a staircase to the Ecumenical Temple.
  9218 | D:7      | Found a glowing silver altar of Zin.
  9325 | D:7      | Found a basalt altar of Yredelemnul.
  9466 | D:8      | Found a runed translucent door.
  9468 | D:8      | Found a runed translucent gate.
  9469 | D:8      | Found a runed translucent gate.
  9489 | D:8      | Found a runed translucent gate.
  9506 | D:8      | Found a runed translucent door.
  9594 | D:8      | Reached skill level 12 in Long Blades
  9596 | D:8      | Reached * piety under Wu Jian
 10543 | D:8      | Noticed a queen bee
 10558 | D:8      | Killed a queen bee
 10558 | D:8      | Reached skill level 13 in Long Blades
 10558 | D:8      | Reached XP level 10. HP: 46/67 MP: 10/10
 11105 | D:8      | Found the +9 staff of Olgreb {rPois}
 11657 | D:4      | Found a transporter.
 11664 | D:4      | Found a transporter.
 11938 | D:4      | Found a shimmering altar of Xom.
 12271 | D:9      | Reached ** piety under Wu Jian
 12499 | D:9      | Found a runed translucent door.
 12504 | D:9      | Found a basalt altar of Yredelemnul.
 12524 | D:9      | Found a staircase to the Orcish Mines.
 12607 | D:9      | Reached skill level 14 in Long Blades
 13039 | D:10     | Entered Level 10 of the Dungeon
 13074 | D:10     | Reached skill level 1 in Armour
 13728 | D:10     | Reached *** piety under Wu Jian
 13884 | D:10     | Reached XP level 11. HP: 77/77 MP: 11/11
 13942 | D:10     | Found a staircase to the Lair.
 14623 | Lair:1   | Entered Level 1 of the Lair of Beasts
 14730 | Lair:1   | Noticed a five-headed hydra
 14793 | D:11     | Noticed a death knight
 14793 | D:11     | Noticed a phantasmal warrior
 14903 | D:11     | Noticed a two-headed ogre
 14909 | D:11     | Killed a two-headed ogre
 14909 | D:11     | Reached skill level 5 in Fighting
 15585 | D:11     | Killed a phantasmal warrior
 15847 | D:11     | Reached skill level 5 in Armour
 15854 | D:11     | Killed a death knight
 15859 | D:11     | Reached **** piety under Wu Jian
 16330 | D:11     | Noticed a red ugly thing
 16340 | D:11     | Killed a red ugly thing
 16575 | D:11     | Found a runed translucent door.
 16576 | D:11     | Identified the +8 spear of the Extremes {drain, Int+5 Dex-4
                  | Stlth+}
 16576 | D:11     | Noticed a spriggan rider
 16859 | D:11     | Noticed Isay's ghost (journeyman MiAK)
 16963 | Orc:1    | Entered Level 1 of the Orcish Mines
 16985 | Orc:1    | Noticed an orc sorcerer
 16986 | Orc:1    | Noticed an orc knight
 16990 | Orc:1    | Killed an orc sorcerer
 16999 | Orc:1    | Killed an orc knight
 16999 | Orc:1    | Reached skill level 15 in Long Blades
 17277 | Orc:1    | Noticed an orc sorcerer
 17289 | Orc:1    | Killed an orc sorcerer
 17372 | Orc:1    | Noticed an orc knight
 17382 | Orc:1    | Noticed an orc knight
 17387 | Orc:1    | Killed an orc knight
 17387 | Orc:1    | Reached XP level 12. HP: 66/91 MP: 12/12
 17397 | Orc:1    | HP: 1/91 [orc warrior/+0 battleaxe[an orc knight] (22)]
 17791 | Orc:1    | Found a roughly hewn altar of Beogh.
 17983 | Orc:2    | Entered Level 2 of the Orcish Mines
 18225 | Orc:2    | Found Sosur's Antique Armour Emporium.
 18850 | Orc:2    | Bought an agate-studded plate armour for 756 gold pieces
 18860 | Orc:2    | Identified the +6 plate armour "Enemeuhio" {+Fly MR+} (You
                  | bought it in a shop on level 2 of the Orcish Mines)
 18927 | Orc:2    | Noticed an orc high priest
 18935 | Orc:2    | Noticed an orc high priest
 18937 | Orc:2    | Killed an orc high priest
 19072 | Orc:2    | Killed an orc high priest
 19155 | Orc:2    | Noticed an orc high priest
 19189 | Orc:2    | Killed an orc high priest
 19312 | Orc:2    | Noticed an orc warlord
 19404 | Orc:2    | Found Seora's General Store.
 19407 | Orc:2    | Noticed an orc high priest
 19411 | Orc:2    | Reached ***** piety under Wu Jian
 19662 | Orc:2    | Killed an orc high priest
 20011 | Orc:2    | Found Masyqy's Antique Weapon Boutique.
 20019 | Orc:2    | Bought a glowing great sword for 266 gold pieces
 20029 | Orc:2    | Noticed an orc high priest
 20140 | Orc:2    | Killed an orc high priest
 20258 | Orc:2    | Found Joshivao's Jewellery Emporium.
 20261 | Orc:2    | Found a staircase to the Elven Halls.
 20295 | Orc:2    | Killed an orc warlord
 20403 | Orc:2    | Found Mesoziur's Magic Scroll Emporium.
 20416 | Orc:2    | Bought 3 scrolls of magic mapping for 147 gold pieces
 20416 | Orc:2    | Bought a scroll of teleportation for 42 gold pieces
 20542 | Orc:2    | Bought a scroll of teleportation for 36 gold pieces
 20767 | Lair:1   | Killed a one-headed hydra
 20829 | Lair:1   | Noticed a six-headed hydra
 20838 | Lair:1   | Killed a two-headed hydra
 20838 | Lair:1   | Gained mutation: You are completely covered in iridescent
                  | scales. (AC +6) [demonic ancestry]
 20838 | Lair:1   | Reached XP level 13. HP: 91/101 MP: 13/13
 21106 | Lair:1   | Found a runed translucent gate.
 21106 | Lair:1   | Found a runed translucent gate.
 21106 | Lair:1   | Found a runed translucent gate.
 21142 | Lair:1   | Noticed Sammaje's ghost (novice MiBe)
 21343 | Lair:1   | Noticed Joseph
 21356 | Lair:1   | Killed Joseph
 22326 | Lair:2   | Reached skill level 16 in Long Blades
 22711 | Lair:2   | Got a faintly humming scale mail
 22722 | Lair:2   | Identified the +5 scale mail of Magic {rC+ rN+ Str+5} (You
                  | found it on level 2 of the Lair of Beasts)
 22767 | Lair:3   | Found a dark tunnel.
 22776 | Volcano  | Entered a volcano
 22843 | Volcano  | Reached skill level 10 in Fighting
 23130 | Volcano  | Found a burning altar of Makhleb.
 23199 | Volcano  | Found a burning altar of Makhleb.
 24218 | Lair:4   | Found a hole to the Spider Nest.
 24505 | Lair:4   | Found a staircase to the Swamp.
 24716 | Lair:4   | Noticed Nessos
 24721 | Lair:4   | Killed Nessos
 25267 | Lair:5   | Reached skill level 10 in Armour
 25779 | Lair:5   | Found a staircase to the Slime Pits.
 26283 | Lair:5   | Gained mutation: You have claws for hands. [demonic
                  | ancestry]
 26283 | Lair:5   | Reached XP level 14. HP: 79/113 MP: 14/14
 26462 | Lair:6   | Entered Level 6 of the Lair of Beasts
 26804 | Lair:6   | Reached ****** piety under Wu Jian
 27615 | Lair:6   | Reached skill level 17 in Long Blades
 29639 | Lair:6   | Got a spiked cloak
 29650 | Lair:6   | Identified the +0 cloak of Lies {rF- MR++ Regen+ Dex+4}
                  | (You found it on level 6 of the Lair of Beasts)
 30378 | D:11     | Killed Isay's ghost
 30655 | D:12     | Found a frozen archway.
 30690 | D:12     | Gained mutation: You resist negative energy. (rN+) [demonic
                  | ancestry]
 30690 | D:12     | Reached XP level 15. HP: 48/122 MP: 15/15
 31550 | D:12     | Noticed Psyche
 31566 | D:12     | Killed Psyche
 31763 | D:13     | Found Iced's Assorted Antiques.
 31779 | D:13     | Bought a scroll labeled FICAOJ NELOLA for 30 gold pieces
 31780 | D:13     | Bought a scroll of teleportation for 90 gold pieces
 31780 | D:13     | Bought a potion of mutation for 240 gold pieces
 31863 | D:13     | Found Cerghuyp's Distillery.
 31872 | D:13     | Bought 2 potions of curing for 90 gold pieces
 31872 | D:13     | Bought a potion of heal wounds for 75 gold pieces
 32088 | D:13     | Found Ygrunt's Distillery.
 32138 | D:13     | Found Lyakiq's Jewellery Shop.
 32151 | D:13     | Got a pair of brightly glowing boots
 32162 | D:13     | Identified the cursed +0 pair of boots "Hamuras" {rF+} (You
                  | found it on level 13 of the Dungeon)
 32736 | D:13     | Found a gate to the Vaults.
 33625 | D:14     | Reached skill level 18 in Long Blades
 33933 | D:15     | Entered Level 15 of the Dungeon
 34235 | D:15     | Found Bocuek's Assorted Antiques.
 34253 | D:15     | Bought a scroll labeled HOSYNOSIOPU for 32 gold pieces
 34257 | D:15     | Got an ancient triple sword
 34258 | D:15     | Identified the +2 triple sword "Voomea" {slice, rElec rPois
                  | Dex+3} (You acquired it on level 15 of the Dungeon)
 34366 | D:15     | Found a shattered altar of Ashenzari.
 34598 | D:15     | Found a staircase to the Depths.
 34922 | Spider:1 | Entered Level 1 of the Spider Nest
 35208 | Lair:4   | Gained mutation: You are somewhat able to resist unholy
                  | torments (1 in 2 success). [demonic ancestry]
 35208 | Lair:4   | Reached XP level 16. HP: 47/133 MP: 16/16
 35492 | Spider:1 | Noticed Agnes
 35556 | Spider:1 | Killed Agnes
 36303 | Spider:2 | Noticed Arachne
 36388 | Spider:1 | Killed Arachne
 37765 | Spider:4 | Entered Level 4 of the Spider Nest
 37781 | Spider:4 | Reached skill level 15 in Fighting
 39003 | Spider:3 | Reached skill level 19 in Long Blades
 39181 | Spider:4 | Reached XP level 17. HP: 142/142 MP: 17/17
 39245 | Spider:4 | Got a gossamer rune of Zot
 39610 | Spider:4 | Slain by a wolf spider

Skill      XL: |  1  2  3  4  5  6  7  8  9 10 11 12 13 14 15 16 |
---------------+-------------------------------------------------+-----
Long Blades    | 3 4 5 6 7 9 11 13 14 15 16 17 18 19 | 19.0
Armour         | 3 6 8 10 11 13 14 | 14.3
Fighting       | 4 7 9 11 12 14 15 | 15.5
Throwing       | |  1.7
Dodging        | |  2.6

Action                   |  1- 3 |  4- 6 |  7- 9 | 10-12 | 13-15 | 16-18 || total
-------------------------+-------+-------+-------+-------+-------+-------++-------
Melee: Long sword        |   134 |   159 |   311 |       |       |       ||   604
       Scimitar          |       |       |   231 |     7 |       |       ||   238
       Great sword       |       |       |       |   798 |  1306 |       ||  2104
       Triple sword      |       |       |       |       |    97 |   637 ||   734
Throw: Throwing net      |       |       |       |       |       |     2 ||     2
Invok: Lunge             |       |       |    16 |    50 |    97 |    47 ||   210
       Whirlwind         |       |       |     3 |    39 |    30 |    68 ||   140
 Abil: Evoke Berserk Rag |       |       |     1 |     1 |     1 |       ||     3
       Wall Jump         |       |       |       |       |     2 |     3 ||     5
Evoke: Wand              |       |       |     5 |     3 |     3 |     4 ||    15
       Staff of Olgreb   |       |       |       |       |     1 |       ||     1
  Use: Scroll            |     3 |     6 |    12 |     7 |    17 |     6 ||    51
       Potion            |       |     1 |     5 |     5 |     3 |     7 ||    21
 Stab: Sleeping          |     1 |       |       |       |       |       ||     1
       Distracted        |       |     1 |     5 |     3 |     9 |     6 ||    24
       Paralysed         |       |       |     5 |       |     2 |       ||     7
       Held in net/web   |       |       |       |       |     1 |     1 ||     2
       Invisible         |       |       |       |       |     1 |       ||     1
  Eat: Chunk             |     4 |     6 |    11 |    25 |    33 |     2 ||    81
       Ration            |       |       |     3 |     3 |     5 |     4 ||    15
Armor: Leather armour    |     8 |       |       |       |       |       ||     8
       Scale mail        |    69 |    10 |       |       |       |       ||    79
       Chain mail        |       |   112 |    42 |       |       |       ||   154
       Ring mail         |       |       |   221 |   279 |       |       ||   500
       Plate armour      |       |       |       |   148 |  1227 |  1333 ||  2708
       Skin              |       |       |       |       |       |    18 ||    18
Dodge: Dodged            |    88 |    30 |   288 |   416 |   468 |   472 ||  1762
       Rpst.: Long sword |    24 |     9 |    49 |       |       |       ||    82
       Scimitar          |       |       |    35 |       |       |       ||    35
       Great sword       |       |       |       |   116 |   101 |       ||   217
       Triple sword      |       |       |       |       |    17 |    75 ||    92
